 Dungeon Sprint DCSS version 0.18-a0-1788-g92de1ac (webtiles) character file.

3900000 Kidiri the Conqueror (level 25, -14/257 HPs)
             Began as a Minotaur Gladiator on Apr 20, 2016.
             Was the Champion of Makhleb.
             Demolished by a destroyer
             ... wielding a +9 great sword of slicing
              (40 damage)
             ... in the Dungeon (Sprint VIII: "Arena of Blood").
             The game lasted 00:02:26 (39 turns).

Kidiri the Conqueror (Minotaur Gladiator)             Turns: 39, Time: 00:02:27

Health: -14/257    AC:  6    Str: 23    XL:     25   Next: 64%
Magic:  8/53       EV: 35    Int:  5    God:    Makhleb [******]
Gold:   0          SH:  0    Dex: 20    Spells: 0 memorised, 78 levels left

rFire  . . .     SeeInvis .     l - +∞ Axe of Woe
rCold  . . .     Gourm    .     b - +0 leather armour
rNeg   . . .     Faith    .     (shield currently unavailable)
rPois  .         Spirit   .     c - +0 hat
rElec  .         Dismiss  .     (no cloak)
rCorr  .         Reflect  .     (no gloves)
SustAt .         Harm     .     (no boots)
MR     +....     NoTele   +     (no amulet)
Stlth  ++++++++..               (no ring)
                                (no ring)

@: somewhat resistant to hostile enchantments, extraordinarily stealthy
A: retaliatory headbutt, horns 2
a: Minor Destruction, Lesser Servant of Makhleb, Major Destruction, Greater
Servant of Makhleb, Renounce Religion


You were in the Dungeon.
You worshipped Makhleb.
Makhleb was exalted by your worship.
You were not hungry.

You visited 1 branch

Inventory:

Hand Weapons
 a - a +0 war axe
 l - the +∞ Axe of Woe (weapon)
   (You found it in the Dungeon)
Missiles
 d - 3 throwing nets (quivered)
Armour
 b - a +0 leather armour (worn)
 c - a +0 hat (worn)
Scrolls
 k - a scroll of blinking
Potions
 e - a potion of curing
 g - a potion of heal wounds
 h - a potion of haste
 i - 2 potions of magic
 j - a potion of berserk rage
Comestibles
 f - a bread ration


   Skills:
 O Level 27 Fighting
 O Level 27 Axes
 O Level 27 Throwing
 O Level 27 Armour
 O Level 27 Dodging
 O Level 27 Stealth
 O Level 27 Unarmed Combat
 O Level 27 Spellcasting
 O Level 27 Invocations


You had 78 spell levels left.
You didn't know any spells.

Dungeon Overview and Level Annotations

Branches:
Dungeon (1/1)

Altars:
Makhleb


Innate Abilities, Weirdness & Mutations

You reflexively headbutt those who attack you in melee.
You have a pair of horns on your head.


Message History

The small abomination is engulfed in roaring flames.
Two crawling corpses merge to form a small abomination.
A crawling corpse merges with a large abomination.
You hear a shout!
The bag of meat is engulfed in roaring flames.
The small abomination is engulfed in roaring flames.
The bag of meat is engulfed in roaring flames.
You hear a shout!
An orc and an ogre come into view.
Unknown command. 5 orcs and a vampire knight come into view.
You hear a shout!
The small abomination is engulfed in roaring flames.
The bag of meat moves out of view.
The small abomination is engulfed in roaring flames.
You hear a shout! x2
The destroyer hits you with a +9 great sword of slicing!!!!!
Ouch! That really hurt!
* * * LOW HITPOINT WARNING * * *
You die...

...................
.#o..%...V..........
Oo.#...o....#.......#
...o.o#.... #.O.....#
...#......###.......###.
...oOoooXx§%)X)###......
....o§O#Ox§%X))._......
.....#V)§oo§)#)....#.
#....@x§O..#_.<._#
#..O%#..§§zx.#.....#
V....oO#O......._......
...oo..V%...o..###......
...o....o.###..§. ..###.
o.......... #o... ..#
.o.o.o......#..o.. .#
.o.#O.. ......... ..


You could see 3 destroyers, a sculptor of flesh, 3 large abominations, 10 meat
berserkers, 3 small abominations, 20 bags of meat and a crawling corpse.

Vanquished Creatures
  2 vampire knights (D)
  14 ogres (D)
  31 orcs (D)
  4 hill giants (D)
  2 crawling corpses (D)
53 creatures vanquished.

Notes
Turn   | Place    | Note
--------------------------------------------------------------
     0 | D        | Kidiri the Minotaur Gladiator began the quest for the Orb.
     0 | D        | Reached XP level 1. HP: 18/18 MP: 0/0
     3 | D        | Noticed a bag of meat
     3 | D        | Noticed a bag of meat
     4 | D        | Became a worshipper of Makhleb the Destroyer
     6 | D        | Killed a bag of meat
     6 | D        | Reached XP level 2. HP: 52/52 MP: 0/7
     6 | D        | Reached XP level 3. HP: 59/59 MP: 0/9
     6 | D        | Reached XP level 4. HP: 68/68 MP: 0/10
     6 | D        | Reached XP level 5. HP: 74/74 MP: 0/12
     6 | D        | Reached XP level 6. HP: 82/82 MP: 0/13
     6 | D        | Reached XP level 7. HP: 89/89 MP: 0/14
     6 | D        | Reached XP level 8. HP: 97/97 MP: 0/15
     6 | D        | Reached XP level 9. HP: 104/104 MP: 0/16
     6 | D        | Reached XP level 10. HP: 112/112 MP: 0/17
     6 | D        | Reached XP level 11. HP: 118/118 MP: 0/18
     7 | D        | Noticed a bag of meat
     7 | D        | Noticed a bag of meat
     7 | D        | Noticed a bag of meat
     8 | D        | Noticed a bag of meat
     8 | D        | Killed a bag of meat
     8 | D        | Reached * piety under Makhleb
     8 | D        | Reached XP level 12. HP: 134/134 MP: 0/20
     9 | D        | Noticed a bag of meat
     9 | D        | Noticed a meat berserker
     9 | D        | Noticed a bag of meat
    10 | D        | Noticed a meat berserker
    10 | D        | Noticed a meat berserker
    10 | D        | Killed a bag of meat
    10 | D        | Reached XP level 13. HP: 145/145 MP: 0/22
    11 | D        | Noticed a meat berserker
    11 | D        | Noticed a meat berserker
    11 | D        | Killed a bag of meat
    11 | D        | Reached ** piety under Makhleb
    11 | D        | Reached skill level 15 in Invocations
    11 | D        | Reached XP level 14. HP: 97/157 MP: 1/24
    11 | D        | Killed a bag of meat
    12 | D        | Noticed a bag of meat
    12 | D        | Killed a meat berserker
    12 | D        | Reached *** piety under Makhleb
    12 | D        | Reached XP level 15. HP: 173/173 MP: 1/26
    12 | D        | Killed a meat berserker
    12 | D        | Reached skill level 27 in Fighting
    12 | D        | Reached skill level 27 in Armour
    12 | D        | Reached skill level 27 in Dodging
    12 | D        | Reached XP level 16. HP: 183/183 MP: 1/29
    12 | D        | Killed a meat berserker
    12 | D        | Reached **** piety under Makhleb
    12 | D        | Reached skill level 27 in Invocations
    12 | D        | Reached XP level 17. HP: 191/191 MP: 1/33
    13 | D        | Noticed a meat berserker
    13 | D        | Noticed a meat berserker
    13 | D        | Killed a meat berserker
    13 | D        | Reached skill level 15 in Stealth
    13 | D        | Killed a meat berserker
    13 | D        | Reached ***** piety under Makhleb
    13 | D        | Reached XP level 18. HP: 200/200 MP: 2/34
    14 | D        | Noticed a meat berserker
    14 | D        | Noticed a meat berserker
    14 | D        | Killed a meat berserker
    14 | D        | Reached skill level 27 in Axes
    16 | D        | Noticed a large bag of meat
    16 | D        | Noticed a meat berserker
    16 | D        | Reached skill level 27 in Stealth
    16 | D        | Reached XP level 19. HP: 207/207 MP: 2/35
    16 | D        | Killed a meat berserker
    18 | D        | Reached ****** piety under Makhleb
    18 | D        | Reached skill level 27 in Throwing
    19 | D        | Reached XP level 20. HP: 216/216 MP: 3/36
    19 | D        | Killed a meat berserker
    20 | D        | Reached skill level 15 in Spellcasting
    21 | D        | Noticed a meat berserker
    21 | D        | Killed a meat berserker
    21 | D        | Reached XP level 21. HP: 224/224 MP: 3/42
    21 | D        | Reached skill level 27 in Unarmed Combat
    22 | D        | Noticed a destroyer
    27 | D        | Reached skill level 27 in Spellcasting
    27 | D        | Reached XP level 22. HP: 233/233 MP: 5/52
    29 | D        | Killed a destroyer
    29 | D        | Reached XP level 23. HP: 240/240 MP: 5/53
    33 | D        | Reached XP level 24. HP: 249/249 MP: 6/53
    34 | D        | Noticed a destroyer
    35 | D        | Noticed a destroyer
    36 | D        | Reached XP level 25. HP: 257/257 MP: 7/53
    37 | D        | Noticed a destroyer
    38 | D        | Noticed a destroyer
    38 | D        | Killed a destroyer
    39 | D        | Noticed a destroyer
    39 | D        | Demolished by a destroyer

Vault maps used:
D:        meatsprint

Skill      XL: |  1  2  3  4  5  6  7  8  9 10 11 12 13 14 15 16 17 18 19 20 21 |
---------------+----------------------------------------------------------------+-----
Fighting       | 17 20 22 23 26 27 | 27.0
Armour         | 17 20 22 23 26 27 | 27.0
Dodging        | 16 19 20 21 24 27 | 27.0
Invocations    | 11 13 14 15 17 21 27 | 27.0
Axes           | 12 24 27 | 27.0
Stealth        | 9 19 27 | 27.0
Throwing       | 8 27 | 27.0
Unarmed Combat | 14 25 27 | 27.0
Spellcasting   | 9 18 27 | 27.0

Action                   |  1- 3 |  4- 6 |  7- 9 | 10-12 | 13-15 | 16-18 | 19-21 | 22-24 | 25-27 || total
-------------------------+-------+-------+-------+-------+-------+-------+-------+-------+-------++-------
Melee: Executioner's axe |     1 |       |       |     2 |     2 |     3 |     8 |     8 |     1 ||    25
Dodge: Dodged            |       |       |       |       |       |     1 |       |       |       ||     1
